 Dungeon Crawl Stone Soup version 0.25.1-2-g60ff931df9 (webtiles) character file.

Game seed: 2122476437590525564

94 funkygono the Conjurer (level 4, -2/33 HPs)
             Began as a Draconian Conjurer on Aug 21, 2020.
             Succumbed to an orc wizard's poison
             ... on level 3 of the Dungeon.
             The game lasted 00:06:09 (2223 turns).

funkygono the Conjurer (Draconian Conjurer)         Turns: 2223, Time: 00:06:10

Health: -2/33      AC:  6    Str: 10    XL:     4   Next: 38%
Magic:  7/7        EV: 12    Int: 16    God:
Gold:   100        SH:  0    Dex: 12    Spells: 1/7 levels left

rFire    + . .     SeeInvis .   i - +1 flail (holy)
rCold    + . .     Gourm    .   (no shield)
rNeg     . . .     Faith    .   (armour unavailable)
rPois    +         Spirit   .   (helmet restricted)
rElec    +         Reflect  .   (no cloak)
rCorr    +         Harm     .   (no gloves)
MR       .....                  a - +0 pair of boots
Stlth    ++........             (no amulet)
HPRegen  0.11/turn              n - ring of flight
MPRegen  0.10/turn              (no ring)

@: lethally poisoned (-2 -> -32), resistant, hasted, very quick
A: unfitting armour, cold-blooded, AC +5
a: Evoke Flight


You were on level 3 of the Dungeon.
You were not hungry.

You visited 1 branch of the dungeon, and saw 3 of its levels.

You collected 100 gold pieces.

Inventory:

Hand Weapons
 i - a +1 flail of holy wrath (weapon)
 j - a +1 dagger of holy wrath
Missiles
 e - 118 stones (quivered)
Armour
 a - a +0 pair of boots (worn)
 g - a +0 kite shield
Jewellery
 n - a ring of flight (left hand)
Potions
 h - a potion of heal wounds {unknown}
 k - a potion of flight {unknown}
 l - a potion of resistance
Comestibles
 b - 5 rations
 d - 3 chunks of flesh


   Skills:
 + Level 2.1 Dodging
 + Level 1.9 Stealth
 + Level 2.4 Spellcasting
 + Level 5.4 Conjurations


You had one spell level left.
You knew the following spells:

 Your Spells              Type           Power        Failure   Level  Hunger
a - Magic Dart            Conj           ###.         2%          1    #......
b - Searing Ray           Conj           ###...       3%          2    ###....
c - Dazzling Flash        Conj/Hex       ##....       21%         3    ###....

Your spell library contained the following spells:

 Spells                   Type           Power        Failure   Level  Hunger
 Fulminant Prism          Conj/Hex       ##........   54%         4    #####..
 Iskenderun's Mystic Bla  Conj/Tloc      ##......     54%         4    #####..


Dungeon Overview and Level Annotations

Branches:
Dungeon (3/15)

Altars:
Trog


Innate Abilities, Weirdness & Mutations

Your plain brown scales are hard. (AC +5)
You cannot fit into any form of body armour.
You are cold-blooded and may be slowed by cold attacks.


Message History

You barely miss the orc wizard.
The orc wizard is heavily wounded.
You feel very sick.
The orc wizard hits you but does no damage.
You are more poisoned.
You hit the orc wizard.
Your tail-slap misses the orc wizard.
The orc wizard is severely wounded.
You feel very sick. The orc wizard casts a spell at you.
The magic dart hits you.
* * * LOW HITPOINT WARNING * * *
You feel protected.
* * * LOW HITPOINT WARNING * * *
You feel very sick. The orc wizard closely misses you.
It was a potion of magic.
Magic courses through your body.
* * * LOW HITPOINT WARNING * * *
You feel sick. The orc wizard closely misses you.
It was a potion of haste.
You feel yourself speed up.
You die...

.. #<. ###
..# ..# ...
#.#####
#.##.#...
##......#
#.).....#
#..†@..#
......o#..#
####(.....#
#....###
.......
.#..... +
#.....
#.....
#.####


You could see an orc wizard.

Vanquished Creatures
  2 adders (D:2)
  3 worms (D:2)
  A dart slug (D:1)
  2 leopard geckos (D:2)
  4 orcs
  3 ball pythons
  5 bats
  A giant cockroach (D:1)
  7 goblins
  6 hobgoblins
  4 jackals (D:2)
  3 kobolds
  2 frilled lizards (D:1)
  16 rats
59 creatures vanquished.

Notes
Turn   | Place    | Note
-------+----------+-------------------------------------------
     0 | D:1      | funkygono the Draconian Conjurer began the quest for the
                  | Orb.
     0 | D:1      | Reached XP level 1. HP: 14/14 MP: 3/3
   221 | D:1      | Reached XP level 2. HP: 20/20 MP: 1/5
   270 | D:1      | Learned a level 2 spell: Searing Ray
   753 | D:1      | Reached XP level 3. HP: 26/26 MP: 3/6
   924 | D:1      | Learned a level 3 spell: Dazzling Flash
  1116 | D:2      | Reached skill level 5 in Conjurations
  1699 | D:2      | Reached XP level 4. HP: 33/33 MP: 2/7
  1881 | D:2      | Found a bloodstained altar of Trog.
  2222 | D:3      | HP: 1/33 [poisoned by an orc wizard]
  2223 | D:3      | Succumbed to an orc wizard's poison

Illustrated notes

Levels and vault maps discovered:
D:1:      scummos_arrival_simple_fountains, layout_rooms
D:2:      layout_rooms, lightli_temple_of_fire
D:3:      layout_basic, chequers_ecumenical_altar_simple_redux

Skill      XL: |  1  2  3  4 |
---------------+-------------+-----
Conjurations   | 5 |  5.4
Dodging        | 2 |  2.1
Stealth        | |  1.9
Spellcasting   | |  2.4

Action                   |  1- 3 |  4- 6 || total
-------------------------+-------+-------++-------
Melee: Unarmed           |     2 |       ||     2
       Tailslap          |     3 |     3 ||     6
       Short sword       |    19 |       ||    19
       Dagger            |     1 |       ||     1
       Flail             |       |    12 ||    12
 Cast: Magic Dart        |    81 |     7 ||    88
       Searing Ray       |     4 |     5 ||     9
  Use: Scroll            |     3 |     2 ||     5
       Potion            |       |     3 ||     3
  Eat: Chunk             |     4 |     2 ||     6
Armor: Skin              |    10 |     8 ||    18
Dodge: Dodged            |    13 |    30 ||    43
